 Dungeon Crawl Stone Soup version 0.16-a0-286-g6bac339 (webtiles) character file.

402 Kashira the Gusty (level 6, 0/33 HPs)
             Began as a Tengu Air Elementalist on Aug 28, 2014.
             Was a Follower of Qazlal.
             Slain by a bat (1 damage)
             ... on Level 4 of the Dungeon.
             The game lasted 00:18:41 (3827 turns).

Kashira the Gusty (Tengu Air Elementalist)          Turns: 3827, Time: 00:18:41

HP   0/33        AC  2     Str  8      XL: 6   Next: 85%
MP  10/17        EV 13     Int 16      God: Qazlal [*.....]
Gold 85          SH  1     Dex 16      Spells:  3 memorised,  8 levels left

rFire  . . .     SeeInvis .     j - -2 dagger (curse)
rCold  . . .     Clarity  .     a - +0 robe
rNeg   . . .     rCorr    .     (no shield)
rPois  .         rRot     .     (helmet restricted)
rElec  .         Spirit   .     (no cloak)
SustAb .         Warding  .     (no gloves)
rMut   .         Stasis   .     (boots unavailable)
Gourm  .                        (no amulet)
MR     .....                    (no ring)
                                t - ring of stealth

@: swift, quick, not resistant to hostile enchantments, fairly stealthy
A: able to fly, beak, talons 3
a: Fly, Renounce Religion


You were on level 4 of the Dungeon.
You worshipped Qazlal.
Qazlal was aware of your devotion.
You were very hungry.

You visited 1 branch of the dungeon, and saw 4 of its levels.

You collected 85 gold pieces.

Inventory:

Hand weapons
 h - a +0 dagger
 j - a cursed -2 dagger (weapon)
Missiles
 d - 26 stones (quivered)
Armour
 a - a +0 robe (worn)
Magical devices
 l - a wand of random effects (15) {unknown}
Comestibles
 c - 2 bread rations
 n - 3 meat rations
 s - a beef jerky
Scrolls
 e - 2 scrolls of remove curse
 f - a scroll of teleportation
 k - a scroll of enchant weapon {unknown}
 p - 3 scrolls of identify {unknown}
 q - a scroll of fog {unknown}
Jewellery
 i - an uncursed amulet of faith
 t - a ring of stealth (left hand)
Potions
 g - 2 potions of might {unknown}
Books
 b - a book of Air

   Spells                             Type                      Level
   *Shock                             Conjuration/Air              1
   *Swiftness                         Charms/Air                   2
   *Repel Missiles                    Charms/Air                   2
   Flight                             Charms/Air                   3
   Static Discharge                   Conjuration/Air              3
   Lightning Bolt                     Conjuration/Air              5


   Skills:
 + Level 0.8 Fighting
 + Level 3.3 Dodging
 + Level 2.4 Stealth
 + Level 4.1 Spellcasting
 + Level 3.8 Conjurations
 + Level 6.1 Air Magic


You had 8 spell levels left.
You knew the following spells:

 Your Spells              Type           Power        Failure   Level  Hunger
a - Shock                 Conj/Air       ###.         1%          1    None
b - Repel Missiles        Chrm/Air       ##....       10%         2    ##.....
c - Swiftness             Chrm/Air       ##......     10%         2    ##.....


Dungeon Overview and Level Annotations

Branches:
Dungeon (4/15)
 Temple: D:4-7

Altars:
Ashenzari
Dithmenos
Fedhas
Qazlal
Trog
The Shining One

Annotations:
D:3 Kashira's ghost, average TeAE


Innate Abilities, Weirdness & Mutations

You can fly.
You have a beak for a mouth.
You have claws for feet.


Message History

Confirm with . or Enter, or press ? or * to list all spells.
You feel quick.
You are feeling very hungry.
The hound bites you.
* * * LOW HITPOINT WARNING * * *
The hound misses you.
An adder comes into view.
Read which item? (? for menu, Esc to quit)
As you read the scroll of teleportation, it crumbles to dust.
You feel strangely unstable. The hound barely misses you.
The hound completely misses you.
Your surroundings suddenly seem different.
The bat closely misses you. The giant newt bites you.
* * * LOW HITPOINT WARNING * * *
Found a club, 4 gold pieces and a dagger.
A giant newt and a bat come into view.
The bat misses you. The bat hits you but does no damage. The bat hits you.
You die...

###############
#...............
#..........$..... h
#................ ....
#.....@b......... .....
#......................
...........)............
##........l.............
#......................
#......................
......................
.....................
....................


You could see a bat and a giant newt.

Vanquished Creatures
  A phantom (D:4)
  An ogre (D:4)
  A scorpion (D:4)
  An iguana (D:4)
  Ijyb (D:2)
  8 adders
  2 worms
  4 giant geckos
  An ooze (D:1)
  2 orcs
  7 bats
  4 goblins
  7 hobgoblins
  8 jackals
  2 ball pythons
  2 giant cockroaches (D:1)
  4 giant newts
  8 kobolds
  A kobold zombie (D:4)
  2 quokkas (D:3)
  8 rats
75 creatures vanquished.

Notes
Turn   | Place    | Note
--------------------------------------------------------------
     0 | D:1      | Kashira, the Tengu Air Elementalist, began the quest for the Orb.
     0 | D:1      | Reached XP level 1. HP: 10/10 MP: 3/3
   643 | D:1      | Reached XP level 2. HP: 15/15 MP: 0/5
   773 | D:1      | Learned a level 2 spell: Repel Missiles
   776 | D:1      | Learned a level 2 spell: Swiftness
  1284 | D:2      | Reached XP level 3. HP: 15/20 MP: 3/7
  1316 | D:2      | Noticed Ijyb
  1410 | D:2      | Killed Ijyb
  1410 | D:2      | Reached XP level 4. HP: 3/24 MP: 0/9
  2049 | D:2      | Found a blossoming altar of Fedhas.
  2106 | D:2      | Reached skill level 5 in Air Magic
  2128 | D:2      | Found a shadowy altar of Dithmenos.
  2128 | D:2      | Found a bloodstained altar of Trog.
  2129 | D:2      | Found a glowing golden altar of the Shining One.
  2131 | D:2      | Found a shattered altar of Ashenzari.
  2258 | D:3      | Found a stormy altar of Qazlal.
  2267 | D:3      | Became a worshipper of Qazlal Stormbringer
  2527 | D:3      | Reached XP level 5. HP: 28/28 MP: 7/13
  3076 | D:3      | Noticed Kashira's ghost (average TeAE)
  3339 | D:4      | Noticed a phantom
  3355 | D:4      | Killed a phantom
  3355 | D:4      | Reached XP level 6. HP: 14/33 MP: 0/15
  3688 | D:4      | Acquired Qazlal's first power
  3804 | D:4      | Noticed an ogre
  3817 | D:4      | Killed an ogre
  3817 | D:4      | Reached skill level 6 in Air Magic
  3824 | D:4      | HP: 1/33 [giant newt (3)]
  3827 | D:4      | Slain by a bat

Action                   |  1- 3 |  4- 6 || total
-------------------------+-------+-------++-------
Melee: Dagger            |    28 |    32 ||    60
       Unarmed           |     3 |       ||     3
Throw: Stone             |     3 |       ||     3
 Cast: Shock             |    53 |   140 ||   193
       Swiftness         |       |     1 ||     1
  Use: Potion            |     1 |     5 ||     6
       Scroll            |       |     4 ||     4
 Stab: Sleeping          |       |     1 ||     1
  Eat: Chunk             |     2 |     7 ||     9
